 Dungeon Crawl Stone Soup version 0.18-a0-1774-gce1f7b6 (webtiles) character file.

65 barb4r1an the Cudgeler (level 3, 0/28 HPs)
             Began as a Demonspawn Gladiator on Apr 15, 2016.
             Killed from afar by Natasha (4 damage)
             ... with a magic dart
             ... on level 4 of the Dungeon.
             The game lasted 00:02:39 (2108 turns).

barb4r1an the Cudgeler (Demonspawn Gladiator)       Turns: 2108, Time: 00:02:42

Health: 0/28       AC:  5    Str: 15    XL:     3   Next: 94%
Magic:  3/3        EV: 13    Int:  9    God:
Gold:   73         SH:  0    Dex: 14    Spells: 0 memorised, 2 levels left

rFire  . . .     SeeInvis .     a - +0 flail
rCold  . . .     Gourm    .     b - +0 leather armour
rNeg   . . .     Faith    .     (no shield)
rPois  .         Spirit   .     c - +0 helmet
rElec  .         Dismiss  .     (no cloak)
rCorr  .         Reflect  .     (no gloves)
SustAt .         Harm     .     r - +0 pair of boots
MR     .....                    (no amulet)
Stlth  +.........               (no ring)
                                (no ring)

@: starving, not resistant to hostile enchantments, very unstealthy
A: talons 1
a: no special abilities


You were on level 4 of the Dungeon.
You were starving.

You visited 2 branches of the dungeon, and saw 4 of its levels.

You collected 73 gold pieces.

Inventory:

Hand Weapons
 a - a +0 flail (weapon)
Missiles
 d - 3 throwing nets (quivered)
Armour
 b - a +0 leather armour (worn)
 c - a +0 helmet (worn)
 r - a +0 pair of boots (worn)
Scrolls
 e - a scroll of teleportation {unknown}
 i - a scroll of remove curse {unknown}
 j - a scroll of amnesia {unknown}
 l - 2 scrolls of immolation {unknown}
 n - 2 scrolls of recharging {unknown}
 o - a scroll of fear {unknown}
 q - a scroll of identify {unknown}
Potions
 g - a potion of heal wounds {unknown}
 h - a potion of curing {unknown}
 m - a potion of degeneration {unknown}
 p - a potion of brilliance {unknown}
Comestibles
 f - 3 bread rations
 k - a beef jerky


   Skills:
 + Level 2.8 Fighting
 + Level 3.1 Maces & Flails
 - Level 1.7 Throwing
 + Level 1.3 Armour
 + Level 3.1 Dodging


You had 2 spell levels left.
You didn't know any spells.

Dungeon Overview and Level Annotations

Branches:
Dungeon (4/15)             Temple (1/1) D:4

Altars:
Nemelex Xobeh
Okawaru
Pakellas
Qazlal
Trog
Zin

Annotations:
D:4 Natasha


Innate Abilities, Weirdness & Mutations

You have sharp toenails.


Message History

The crimson imp barely misses you. Natasha claws you. The crimson imp hits you.
You closely miss Natasha.
Natasha is almost dead.
Natasha barely misses you. The crimson imp hits you. Natasha misses you.
Your leather armour prevents you from hitting Natasha.
Natasha is almost dead.
The crimson imp barely misses you. Natasha closely misses you.
You are starving!
You barely miss Natasha.
Natasha is almost dead.
The crimson imp hits you but does no damage.
Natasha claws you.
* * * LOW HITPOINT WARNING * * *
You closely miss Natasha.
Natasha is almost dead.
The crimson imp hits you.
* * * LOW HITPOINT WARNING * * *
Natasha stares at you and mumbles some strange words.
The magic dart hits you!
You die...

### ... #.######
##+.P.$.#
##..P.P..#
#...P.>..##
#....PPP@5.#
......!P.h.#
.........+.......
.........####...#
#.......## ...
##(....## ##
##...# ##+#


You could see Natasha and a crimson imp.

Vanquished Creatures
  2 adders (D:2)
  An ooze (D:1)
  2 worms (D:2)
  A dart slug (D:1)
  3 giant geckos (D:2)
  2 bats (D:1)
  3 giant cockroaches
  4 goblins
  4 hobgoblins (D:1)
  A ball python (D:1)
  4 giant newts
  4 kobolds (D:1)
  4 rats (D:1)
35 creatures vanquished.

Notes
Turn   | Place    | Note
--------------------------------------------------------------
     0 | D:1      | barb4r1an the Demonspawn Gladiator began the quest for the Orb.
     0 | D:1      | Reached XP level 1. HP: 16/16 MP: 1/1
   315 | D:1      | Gained mutation: You have sharp toenails. [demonic ancestry]
   315 | D:1      | Reached XP level 2. HP: 22/22 MP: 2/2
   759 | D:1      | Reached XP level 3. HP: 22/28 MP: 3/3
   762 | D:1      | Reached skill level 1 in Armour
  1887 | D:2      | You fall through a shaft for 2 floors!
  1887 | D:4      | Found a staircase to the Ecumenical Temple.
  1887 | D:4      | Noticed Natasha
  1892 | Temple   | Entered the Ecumenical Temple
  2108 | D:4      | Killed from afar by Natasha

Vault maps used:
D:1:      dpeg_chamrin_arrival_tetris
D:4:      minmay_temple_entry_overgrown, uniq_natasha
Temple:   hc_temple_tempest_star_small

Skill      XL: |  1  2  3 |
---------------+----------+-----
Maces & Flails | 3 |  3.1
Dodging        | 3 |  3.1
Armour         | 1 |  1.3
Fighting       | |  2.8
Throwing       | |  1.7

Action                   || total
-------------------------++-------
Melee: Flail             ||   103
       Kick              ||    12
 Stab: Sleeping          ||     1
  Eat: Fruit             ||     2
Armor: Leather armour    ||    20
Dodge: Dodged            ||    68
